 Dungeon Crawl Stone Soup version 0.31-a0-981-geadf994 (webtiles) character file.

Game seed: 3056485223648387143

657326 Carefully the Acrobat (level 26, -11/135 HPs)
             Began as a Felid Shapeshifter on Nov 1, 2023.
             Was an Initiate of Gozag.
             Killed from afar by Jowuom the pandemonium lord (47 damage)
             ... with a great icy blast
             ... on level 1 of the Realm of Zot.
             The game lasted 03:08:24 (65242 turns).

Carefully the Acrobat (Felid Shapeshifter)         Turns: 65242, Time: 03:08:24

Health: -11/135    AC: 12    Str: 16    XL:     26   Next: 93%
Magic:  45/45      EV: 69    Int: 16    God:    Gozag
Gold:   1107       SH:  0    Dex: 27    Spells: 41/59 levels left
                                        Lives:  0   Deaths: 8

rFire   + +          +
                       - Unarmed
rCold   + + .        (shield unavailable)
rNeg    + . .        (body armour unavailable)
rPois   ∞            (helmet unavailable)
rElec   +            (cloak unavailable)
rCorr   +            (gloves unavailable)
SInv    +            (boots unavailable)
Will    ++++.        c - amulet of the Enfolding Enemy {Regen+ Str+3 Dex+4}
Stlth   +++          i - ring "Hiukhleol" {rElec rF+ rC+ rN+}
HPRegen 1.22/turn    e - ring "Hopnah" {Wiz rElec rCorr Str+3 Stlth+}
MPRegen 0.29/turn

%: corrode self (3%), wizardry (x1)
@: storm-form, resistant, gold aura, flying, silenced
A: cleaving, insubstantial, flying, very small, (claws 2), (fangs 3), see
invisible, (speed 1), (shaggy fur 3), (stealthy paws), no weapons or thrown
items, no armour, multi-lived, evolution 1
0: Orb of Zot
}: 5/15 runes: serpentine, barnacled, slimy, silver, abyssal
a: Blinkbolt, Begin Untransformation, Renounce Religion


You were on level 1 of the Realm of Zot.
You worshipped Gozag.
Gozag was most pleased with you.
You were a lightning-filled tempest!
You visited 11 branches of the dungeon, and saw 53 of its levels.
You visited the Abyss 3 times.
You also visited: Bailey.

You collected 33249 gold pieces.
You spent 11811 gold pieces at shops.
You paid 20331 gold pieces to Gozag.

Inventory:

Jewellery
 b - the necklace of Bloodlust {Fury *Rage Will++ Int-3 Slay+6}
   (You found it on level 3 of the Depths)

   [amulet of nothing]

   Fury:      It extends the wearer's berserk rage when killing foes.
   Int-3:     It affects your intelligence (-3).
   Slay+6:    It affects your accuracy & damage with ranged weapons and melee
   (+6).
   Will++:    It greatly increases your willpower.
   *Rage:     It berserks you when you make melee attacks (+50% chance).
 c - the amulet of the Enfolding Enemy (around neck) {Regen+ Str+3 Dex+4}
   (You bought it in a shop on level 3 of the Elven Halls)

   [amulet of regeneration]

   Str+3:     It affects your strength (+3).
   Dex+4:     It affects your dexterity (+4).
   Regen+:    It increases your rate of health regeneration.
 e - the ring "Hopnah" (right paw) {Wiz rElec rCorr Str+3 Stlth+}
   (You bought it in a shop on level 13 of the Dungeon)

   [ring of wizardry]

   Wiz:       It improves your spell success rate.
   Str+3:     It affects your strength (+3).
   rElec:     It insulates you from electricity.
   rCorr:     It protects you from acid and corrosion.
   Stlth+:    It makes you more stealthy.
 i - the ring "Hiukhleol" (left paw) {rElec rF+ rC+ rN+}
   (You bought it in a shop on level 13 of the Dungeon)

   [ring of protection from fire]

   rF+:       It protects you from fire.
   rC+:       It protects you from cold.
   rElec:     It insulates you from electricity.
   rN+:       It protects you from negative energy.
 m - the ring of Xom's Attic {Drain rF+ EV+5 Str+3 Int+3}
   (You acquired it on level 5 of the Lair of Beasts)

   [ring of evasion]

   EV+5:      It affects your evasion (+5).
   Str+3:     It affects your strength (+3).
   Int+3:     It affects your intelligence (+3).
   rF+:       It protects you from fire.
   Drain:     It drains your maximum health when unequipped.
 R - the amulet "Jiequerph" {Reflect Will+ SH+5}
   (You bought it in a shop on level 10 of the Dungeon)

   [amulet of reflection]

   Reflect:   It reflects blocked missile attacks.
   Will+:     It increases your willpower.
   SH+5:      It affects your SH (+5).
 U - the ring "Kamnimecs" {rF+ Str+6}
   (You took it off a hell knight on level 5 of the Vaults)

   [ring of strength]

   Str+6:     It affects your strength (+6).
   rF+:       It protects you from fire.
 X - the ring "Reir" {Will- rCorr Str+3 Dex+6 SInv}
   (You found it on level 3 of the Elven Halls)

   [ring of resist corrosion]

   Str+3:     It affects your strength (+3).
   Dex+6:     It affects your dexterity (+6).
   Will-:     It decreases your willpower.
   SInv:      It lets you see invisible.
   rCorr:     It protects you from acid and corrosion.
Talismans
 E - a granite talisman
 Z - the storm talisman "Wevianuy" (active) {*Corrode rF+++ Will+ Stlth+}
   (You bought it in a shop on level 13 of the Dungeon)

   [storm talisman]

   rF+++:     It renders you almost immune to fire.
   Will+:     It increases your willpower.
   *Corrode:  It may corrode you when you take damage.
   Stlth+:    It makes you more stealthy.
Wands
 s - a wand of iceblast (39) (quivered)
 z - a wand of flame (152)
 C - a wand of polymorph (11)
 D - a wand of charming (41)
 H - a wand of acid (15)
 N - a wand of mindburst (62)
Scrolls
 d - 10 scrolls of noise
 g - 10 scrolls of immolation
 h - 9 scrolls of vulnerability
 l - a scroll of fog
 p - 21 scrolls of teleportation
 q - 6 scrolls of silence
 u - 9 scrolls of fear
 y - 4 scrolls of amnesia
 L - 3 scrolls of revelation
 O - 2 scrolls of torment
 P - 10 scrolls of poison
Potions
 a - 6 potions of resistance
 f - 7 potions of enlightenment
 j - 2 potions of might
 k - 7 potions of attraction
 n - 8 potions of invisibility
 o - 3 potions of ambrosia
 r - 5 potions of brilliance
 t - 10 potions of mutation
 v - 4 potions of magic
 w - 16 potions of curing
 B - 6 potions of lignification
 F - 3 potions of cancellation
 G - a potion of berserk rage
Miscellaneous
 x - a phantom mirror
 I - a phial of floods
 T - a lightning rod (4/4)
 V - a sack of spiders
 W - a condenser vane


   Skills:
 + Level 22.7 Fighting
 + Level 25.4 Dodging
 - Level 11.4 Stealth
 + Level 23.4 Unarmed Combat
 + Level 17.1 Spellcasting
 - Level 12.2 Translocations
 - Level 4.0 Transmutations
 + Level 8.7 Ice Magic
 - Level 7.0 Air Magic
 - Level 10.0 Evocations
 + Level 23.2 Shapeshifting


You had 41 spell levels left.
You knew the following spells:

 Your Spells              Type           Power      Damage    Failure   Level
a - Manifold Assault      Tloc           51%        N/A       1%          4
b - Lesser Beckoning      Tloc           100%       N/A       1%          2
c - Vhi's Electric Charg  Tloc/Air       88%        N/A       1%          4
d - Wereblood             Tmut           26%        N/A       1%          2
e - Passage of Golubria   Tloc           51%        N/A       1%          4
f - Blink                 Tloc           100%       N/A       1%          2

Your spell library contained the following spells:

 Spells                   Type           Power      Damage    Failure   Level
 Apportation              Tloc           100%       N/A       1%          1
 Foxfire                  Conj/Fire      52%        2x1d6     1%          1
 Freeze                   Ice            100%       1d10      1%          1
 Magic Dart               Conj           52%        1d5       1%          1
 Sandblast                Erth           26%        2d8       1%          1
 Shock                    Conj/Air       96%        1d9       1%          1
 Summon Small Mammal      Summ           52%        N/A       1%          1
 Ensorcelled Hibernation  Hex/Ice        54%        N/A       1%          2
 Momentum Strike          Conj/Tloc      66%        3d9       1%          2
 Passwall                 Tmut/Erth      16%        N/A       1%          2
 Poisonous Vapours        Pois/Air       48%        N/A       1%          2
 Frozen Ramparts          Ice            82%        1d13      1%          3
 Gell's Gravitas          Tloc           51%        N/A       1%          3
 Hailstorm                Conj/Ice       27%        3d7       1%          3
 Mephitic Cloud           Conj/Pois/Air  21%        N/A       1%          3
 Ozocubu's Armour         Ice            41%        N/A       1%          3
 Swiftness                Air            36%        N/A       1%          3
 Volatile Blastmotes      Fire/Tloc      66%        2d15      1%          3
 Airstrike                Air            18%        2d(3-19)  1%          4
 Iskenderun's Mystic Bla  Conj/Tloc      33%        2d8       1%          4
 Dispersal                Tloc           25%        N/A       1%          6
 Call Imp                 Summ           26%        N/A       2%          2
 Jinxbite                 Hex            26%        N/A       2%          2
 Ignite Poison            Fire/Tmut/Pois 17%        N/A       3%          3
 Summon Ice Beast         Ice/Summ       27%        N/A       3%          4
 Summon Lightning Spire   Summ/Air       24%        N/A       4%          4
 Call Canine Familiar     Summ           13%        N/A       5%          3
 Dazzling Flash           Conj/Hex       26%        N/A       5%          3
 Inner Flame              Hex/Fire       13%        N/A       5%          3
 Sigil of Binding         Hex            13%        N/A       5%          3
 Stone Arrow              Conj/Erth      26%        3d8       5%          3
 Summon Guardian Golem    Hex/Summ       13%        N/A       5%          3
 Tukima's Dance           Hex            13%        N/A       5%          3
 Freezing Cloud           Conj/Ice/Air   15%        6-21      6%          5
 Petrify                  Tmut/Erth      20%        N/A       8%          4
 Metabolic Englaciation   Hex/Ice        13%        N/A       9%          5
 Arcjolt                  Conj/Air       12%        1d22      12%         5
 Silence                  Hex/Air        12%        N/A       12%         5
 Anguish                  Hex/Necr       6%         N/A       17%         4
 Brom's Barrelling Bould  Conj/Erth      13%        2d4       17%         4
 Flame Wave               Conj/Fire      13%        2d6       17%         4
 Sticky Flame             Conj/Fire      13%        2d4       17%         4
 Alistair's Intoxication  Tmut/Pois      13%        N/A       21%         5
 Irradiate                Conj/Tmut      10%        3d15      21%         5
 Yara's Violent Unravell  Hex/Tmut       10%        3d6       21%         5
 Agony                    Necr           13%        N/A       43%         5
 Fireball                 Conj/Fire      6%         3d5       43%         5
 Iskenderun's Battlesphe  Conj           13%        2d7       43%         5
 Lee's Rapid Deconstruct  Erth           6%         3d6*      43%         5
 Conjure Ball Lightning   Conj/Air       12%        3x3d6     52%         6
 Plasma Beam              Fire/Air       12%        2x1d23    52%         6
 Disjunction              Tloc           25%        N/A       58%         8
 Bombard                  Conj/Erth      6%         9d2       92%         6
 Starburst                Conj/Fire      6%         6d4       92%         6
 Maxwell's Capacitive Co  Air            18%        ∞         99%         8
 Haunt                    Necr/Summ      6%         N/A       100%        7
 Orb of Destruction       Conj           6%         9d6       100%        7
 Spellforged Servitor     Conj/Summ      6%         N/A       100%        7
 Summon Hydra             Summ           6%         N/A       100%        7
 Discord                  Hex            6%         N/A       100%        8
 Ignition                 Fire           6%         3d4       100%        8
 Infestation              Necr           6%         N/A       100%        8
 Lehudib's Crystal Spear  Conj/Erth      6%         10d3      100%        8
 Chain Lightning          Conj/Air       12%        3d16      100%        9
 Death's Door             Necr           6%         N/A       100%        9
 Sublimation of Blood     Necr           Unusable   N/A       N/A         2
 Animate Armour           Summ/Erth      Unusable   N/A       N/A         4
 Animate Dead             Necr           Unusable   N/A       N/A         4
 Simulacrum               Ice/Necr       Unusable   N/A       N/A         6

Dungeon Overview and Level Annotations

Branches:
Dungeon (15/15)            Temple (1/1) D:7            Lair (5/5) D:10
 Shoals (4/4) Lair:3        Snake (4/4) Lair:2        Slime (5/5) Lair:5
    Orc (2/2) D:10            Elf (3/3) Orc:2        Vaults (5/5) D:13
  Crypt (0/3) Vaults:2     Depths (4/4) D:15            Zot (5/5) Depths:4
 Bailey (visited)

Altars:
Ashenzari
Cheibriados
Dithmenos
Elyvilon
Fedhas
Gozag
Hepliaklqana
Kikubaaqudgha
Makhleb
Nemelex Xobeh
Okawaru
Qazlal
Ru
Sif Muna
Trog
Uskayaw
Vehumet
Wu Jian
Xom
Yredelemnul
Zin
The Shining One
Jiyva

Shops:
D:6 ::*   D:7 *   D:10 :*=*=   D:13 =*?=   D:14 (   Orc:2 [*:![   Elf:1 *
Elf:2 [(   Elf:3 =   Shoals:1 *   Snake:3 *   Vaults:3 *   Vaults:4 *
Depths:1 *==   Depths:2 [   Depths:4 :=:

Portals:
Hell: Depths:1 Depths:2 Depths:3 Depths:4
Abyss: Depths:1 Depths:3
Pandemonium: Depths:1 Depths:2 Depths:3
Ziggurat: Depths:2

Annotations:
D:10 1 runed translucent door, Caerwyn's ghost, journeyman DjCj
Elf:3 1 exclusion
Depths:2 2 runed translucent doors


Innate Abilities, Weirdness & Mutations

You are a lightning-filled tempest!
Your electrical attacks strike out in all directions at once.
You are incredibly evasive.
Your insubstantial body is immune to petrification, constriction, and being set on fire You are flying.
You are immune to poison.
((You have sharp claws.))
((You have razor-sharp teeth.))
You have supernaturally acute eyesight. (SInv)
((You cover ground quickly. (Speed+)))
((Your thick and shaggy fur keeps you warm. (AC +3, rC+)))
((Your paws help you pounce on unaware monsters.))
You are incapable of wielding weapons or throwing items.
You cannot wear armour.
You gain extra lives every three experience levels.
You have hidden genetic potential.


Message History

Jowuom completely misses you.
A rust devil comes into view.
Jowuom gestures.
Jowuom's surroundings become eerily quiet.
A lorocyproca comes into view.
Unknown command.
Unknown command.
You feel much better.
A sixfirhy comes into view.
Jowuom completely misses you.
Unknown command.
You hit Jowuom but do no damage.
Jowuom is heavily wounded.
You blast the sixfirhy!!!
You kill the sixfirhy!
You batter the lorocyproca!! Jowuom hits you.
* * * LOW HITPOINT WARNING * * *
An Orb Guardian comes into view.
Unknown command.
You blast Jowuom!!!
Jowuom is almost dead.
You buffet the lorocyproca!
The ice encasing you melts away.
Jowuom gestures.
Jowuom's surroundings become eerily quiet.
The lorocyproca completely misses you.
Unknown command.
You barely miss Jowuom. You punch Jowuom, but do no damage.
Jowuom is almost dead.
You blast the lorocyproca!!!
Jowuom completely misses you.
Unknown command.
You completely miss Jowuom.
Jowuom is almost dead.
You blast the lorocyproca!!!
You kill the lorocyproca!
Jowuom gestures at you.
Jowuom conjures a mighty blast of ice!
The great icy blast engulfs you!!! You partially resist.
You die...
Your body crumbles into a pile of gold.

#..#'####.###§§§§####..[).§§...))
####...####§§§§§☼#..#.#####≈≈≈.).
##.....###§§§§#§##.#.....##§§§..
##.......##§☼§☼#§...#.###'###§≈≈.
#.........#§☼#####....##...###≈≈≈
#.........#.##°#.....##.....##≈≈#
'.........'X☼○☼#○...##.......####
##.......##..§°°§$.##.........#..
###.....##..#.#&v$..).........##.
..##...####.###§###)#.........'..
...#####..'.##§§§##.##.......##..
...# #...####☼§§§§#####.....##...
..#####.####§§§§§§§## ##...###...
....# ### #§☼§○§§§§§# #+###.####
....#### #○○○○○☼§§§# ##+##..#.#.
#...#..## #.........# #.....##.#.
........# ##.......####.....###."


You could see Jowuom (silencing, unsilenced) and an Orb Guardian.

Vanquished Creatures
  Dissolution (Slime:4)
  the Royal Jelly (Slime:5)
  3 dread liches (Zot:5)
  5 ancient liches
  Mara (Shoals:2)
  6 orbs of fire
  A juggernaut (Depths:3)
  9 Killer Klowns
  Saint Roka (Orc:2)
  4 curse toes
  7 golden dragons
  The ghost of Shifty the Thanatomancer, a veteran DjAE of Makhleb (Vaults:4)
  Nikola (Shoals:3)
  Jory (Vaults:4)
  2 bone dragons
  2 electric golems (Zot:5)
  An iron giant (Zot:3)
  An Ice Fiend (Zot:4)
  14 tentacled monstrosities
  A Hell Sentinel (Zot:4)
  8 titans
  The ghost of Busi the Markscentaur, an adept CeHu of Okawaru (Vaults:3)
  26 Orb Guardians (Zot:5)
  Zenata (Elf:3)
  3 liches
  A deep elf blademaster (Elf:3)
  Asterion (Depths:2)
  5 quicksilver dragons
  A walking divine tome (Depths:2)
  14 acid blobs
  3 sphinxes
  A kraken (Shoals:1)
  10 death cobs
  A deep elf master archer (Elf:3)
  Aizul (Snake:1)
  5 tentacled starspawn
  Frances (Shoals:2)
  Kirke (D:14)
  5 shadow dragons
  20 storm dragons
  17 draconian monks
  A revenant (Abyss:2)
  11 fire giants
  7 tengu reavers
  7 nagarajas
  9 azure jellies
  10 draconian knights
  4 deep elf sorcerers (Vaults:5)
  8 frost giants
  6 rockslimes
  7 draconian scorchers
  2 iron dragons
  2 ghost moths
  12 vault wardens
  A balrug (Abyss:3)
  An orc warlord (Vaults:3)
  Louise (Shoals:4)
  6 draconian stormcallers
  8 draconian annihilators
  5 deep elf elementalists (Elf:3)
  A juggernaut zombie (Depths:2)
  19 very ugly things
  17 ironbound preservers
  6 draconian shifters
  A war gargoyle (Vaults:5)
  A caustic shrike skeleton (Depths:3)
  12 quicksilver oozes
  5 formless jellyfish
  14 stone giants
  Nessos (D:13)
  A starflower (Abyss:3)
  A vampire knight (Depths:3)
  12 ironbound thunderhulks
  16 black draconians
  7 deep elf demonologists
  The ghost of Nuylu the Cleaver, a journeyman AtSh of Okawaru (D:12)
  7 spark wasps
  15 yellow draconians
  15 green draconians
  12 deep elf annihilators
  The ghost of Shifty the Fighter, a journeyman DjFE of Makhleb (Lair:2)
  12 red draconians
  13 white draconians
  A lorocyproca (Zot:1)
  20 purple draconians
  Azrael (D:14)
  7 dire elephants
  An eidolon (Abyss:2)
  6 deep elf death magi
  2 crystal guardians (Abyss:3)
  A green death (Depths:3)
  8 merfolk javelineers
  6 ettins
  12 yaktaur captains
  2 entropy weavers
  Josephine (Snake:1)
  2 salamander tyrants (Snake:4)
  6 merfolk impalers
  9 deep elf high priests
  12 fire dragons
  9 hydras
  4 great orbs of eyes
  11 ice dragons
  A hydra (shapeshifter) (Depths:2)
  6 spriggan air magi
  3 rakshasas
  2 catoblepae
  30 vault guards
  2 alligator snapping turtles
  3 ogre magi
  2 merfolk avatars
  9 boulder beetles
  12 ironbound frosthearts
  9 anacondas
  A two-headed ogre (shapeshifter) (Vaults:4)
  2 tengu warriors (Depths:3)
  15 centaur warriors
  8 two-headed ogres
  5 merfolk aquamancers
  9 deep troll shamans
  2 boulder beetles (shapeshifter)
  7 death yaks
  14 naga warriors
  Urug (D:13)
  24 naga sharpshooters
  3 occultists
  6 orc high priests
  32 dancing weapons
  7 spriggan berserkers
  A demonic crawler (Zot:5)
  2 vampire magi
  8 shock serpents
  7 thrashing horrors (Abyss:3)
  10 deep elf knights
  3 sun demons
  14 deep troll earth magi
  Sonja (D:12)
  11 hell knights
  A titan skeleton (Vaults:5)
  2 salamander mystics (Snake:3)
  8 skysharks
  7 wretched stars
  A death drake (shapeshifter) (Vaults:5)
  8 iron trolls
  A skeletal warrior (Vaults:2)
  58 deep trolls
  2 sixfirhies
  10 sea snakes
  8 naga ritualists
  A death drake (Abyss:3)
  19 ironbound convokers
  A golden dragon zombie (Depths:3)
  2 starcursed masses (Abyss:2)
  4 glowing orange brains
  7 deep elf archers
  Lodul (D:13)
  9 lindwurms
  7 phantasmal warriors
  14 orc knights
  24 deep elf pyromancers
  21 deep elf zephyrmancers
  3 arcanists
  13 necromancers
  13 harpies
  20 mana vipers
  11 manticores
  3 orc sorcerers (Vaults:5)
  2 frost giant zombies (Depths:2)
  23 ugly things
  12 fauns
  A shining eye (Slime:5)
  4 cyclopes
  A shining eye (shapeshifter) (D:13)
  A fire giant zombie (Depths:3)
  34 moths of wrath
  An iron dragon skeleton (Depths:3)
  14 elephants
  4 merfolk sirens
  3 guardian serpents
  45 black mambas
  11 water nymphs
  14 naga magi
  13 salamanders
  22 vault sentinels
  3 eyes of devastation
  3 smoke demons
  An apocalypse crab (Abyss:3)
  2 torpor snails
  An orange demon (Abyss:2)
  2 gargoyles
  11 cane toads
  14 unseen horrors
  An efreet (Abyss:2)
  A storm dragon simulacrum (Depths:3)
  A spriggan zombie (Depths:2)
  A redback zombie (D:15)
  Jeremiah (D:7)
  A spark wasp simulacrum (Depths:2)
  A kobold demonologist (D:10)
  4 rime drakes
  2 centaur skeletons (D:15)
  5 komodo dragons
  30 yaktaurs
  7 tengu conjurers
  3 freezing wraiths (Vaults:5)
  A yaktaur skeleton (Vaults:5)
  A tormentor (Abyss:2)
  21 merfolk
  A silent spectre (Depths:3)
  2 ancient zymes
  A hellwing (Abyss:2)
  7 trolls
  10 wind drakes
  3 meliai (D:14)
  A hornet (shapeshifter) (Abyss:3)
  3 hornets (Depths:4)
  9 raiju
  13 polar bears
  3 dream sheep (Lair:5)
  9 blink frogs
  5 snapping turtles
  A glass eye (shapeshifter) (Abyss:3)
  An iron dragon simulacrum (Abyss:2)
  3 glass eyes
  5 ynoxinuls
  Sigmund (D:4)
  A culicivora (Vaults:2)
  10 large abominations
  71 slime creatures
  4 spriggans
  28 water elementals
  10 air elementals
  A shadow (D:12)
  5 wyverns
  64 yaks
  A wyvern (shapeshifter) (Vaults:5)
  10 wraiths
  Eustachio (D:6)
  16 humans (D:13)
  5 fire elementals
  A hog (D:14)
  5 redbacks
  7 golden eyes
  A golden eye (shapeshifter) (D:14)
  4 basilisks
  A neqoxec (Zot:2)
  2 steam dragons
  5 chaos spawn
  11 vampire mosquitoes
  45 nagas
  2 acid dragons
  9 wargs
  16 hell hounds
  12 small abominations
  21 water moccasins
  A glowing shapeshifter skeleton (Vaults:5)
  58 orc warriors
  2 ice beasts (D:7)
  14 black bears
  11 ogres
  37 wolves
  8 boggarts
  5 centaurs
  2 phantoms (D:5)
  5 kobold brigands
  12 bullfrogs
  4 scorpions
  11 wights
  A hornet simulacrum (D:14)
  16 killer bees
  5 howler monkeys
  7 electric eels
  A human simulacrum (Vaults:5)
  5 quasits
  A jelly (D:5)
  Crazy Yiuf (D:6)
  33 orc priests
  2 gnoll boudas
  4 hounds
  An iron imp (Abyss:3)
  3 sleepcaps
  Terence (D:3)
  6 iguanas
  26 orc wizards
  A hell rat (Lair:5)
  18 gnolls
  9 adders
  4 shadow imps
  9 white imps
  11 ufetubi
  2 worms
  7 dart slugs
  122 orcs
  12 ball pythons
  9 endoplasms
  2 giant cockroaches
  19 goblins
  10 hobgoblins
  3 jackals (D:3)
  8 quokkas
  7 bats
  A frilled lizard (D:3)
  18 kobolds
  4 rats
  A butterfly (Lair:1)
  A starspawn tentacle (Abyss:3)
  4 tentacles (Shoals:1)
2494 creatures vanquished.

Vanquished Creatures (collateral kills)
  A deep troll (Vaults:2)
  An ogre (Orc:1)
  2 orcs (Orc:1)
4 creatures vanquished.

Vanquished Creatures (others)
  A golden dragon (Zot:3)
  An Orb Guardian (Zot:5)
  A draconian monk (Zot:3)
  A frost giant (Depths:1)
  A vault warden (Vaults:2)
  An ironbound preserver (Vaults:3)
  A white draconian (Zot:5)
  An ice dragon (Zot:3)
  A deep troll (Vaults:3)
  An elephant (Lair:4)
  An eye of devastation (Slime:5)
  A yak (Lair:4)
  An orc warrior (Orc:1)
  3 centaurs (D:15)
  2 lurking horrors (Abyss:3)
  5 starspawn tentacles (Abyss:3)
  11 tentacles (Shoals:1)
34 creatures vanquished.

Grand Total: 2532 creatures vanquished

Notes
Turn   | Place    | Note
-------+----------+-------------------------------------------
     0 | D:1      | Carefully the Felid Shapeshifter began the quest for the
                  | Orb.
     0 | D:1      | Reached XP level 1. HP: 9/9 MP: 2/2
    51 | D:1      | Reached XP level 2. HP: 2/12 MP: 3/3
   451 | D:1      | You fall into a shaft and drop 1 floor!
   513 | D:2      | Reached skill level 3 in Dodging
   848 | D:2      | Reached XP level 3. HP: 9/15 MP: 4/4
  1724 | D:3      | Reached XP level 4. HP: 19/19 MP: 5/5
  2161 | D:3      | Noticed Terence
  2178 | D:3      | Killed Terence
  2179 | D:3      | Reached skill level 1 in Stealth
  2179 | D:3      | Reached skill level 1 in Evocations
  2179 | D:3      | Reached XP level 5. HP: 22/22 MP: 6/6
  2819 | D:4      | Noticed Sigmund
  2846 | D:4      | Killed Sigmund
  2847 | D:4      | Reached skill level 4 in Dodging
  2847 | D:4      | Gained mutation: You are covered in thick fur. (AC +2)
                  | [Felid growth]
  2847 | D:4      | Reached XP level 6. HP: 21/27 MP: 7/7
  3186 | D:5      | Entered Level 5 of the Dungeon
  3196 | D:5      | Reached skill level 5 in Shapeshifting
  3233 | D:5      | Reached XP level 7. HP: 14/30 MP: 8/8
  3441 | D:5      | Reached skill level 5 in Unarmed Combat
  4223 | D:5      | Reached skill level 5 in Dodging
  4231 | D:5      | Reached XP level 8. HP: 32/34 MP: 9/9
  5052 | D:6      | Found a shimmering blue altar of Sif Muna.
  5200 | D:6      | Noticed Eustachio
  5209 | D:6      | Killed Eustachio
  5249 | D:6      | Found a large runed translucent door.
  5250 | D:6      | Found a large runed translucent door.
  5258 | D:6      | Found a shimmering altar of Xom.
  5339 | D:6      | Reached skill level 6 in Dodging
  5360 | D:6      | Found Pebloq's Book Shop.
  5361 | D:6      | Found Osun's Assorted Antiques.
  5362 | D:6      | Found Vegotec's Weapon Shop.
  5363 | D:6      | Found Zisidghu's Book Shop.
  5427 | D:6      | Bought a scroll labelled MUIGRO QUYNOTH for 25 gold pieces
  5427 | D:6      | Bought a scroll labelled EMAGGO SURROQ TEI for 25 gold
                  | pieces
  5427 | D:6      | Bought a blackened silver wand for 100 gold pieces
  5450 | D:6      | Identified the +5 rapier of the Ancients {chaos, rElec
                  | Int+3 Stlth+}
  5505 | D:6      | Reached skill level 5 in Stealth
  5758 | D:6      | Found a runed translucent door.
  5759 | D:6      | Noticed Crazy Yiuf
  5944 | D:6      | Reached XP level 9. HP: 27/39 MP: 10/10
  6076 | D:6      | Killed Crazy Yiuf
  6143 | D:6      | Identified a scroll of acquirement
  6349 | D:7      | Found a staircase to the Ecumenical Temple.
  6367 | Temple   | Entered the Ecumenical Temple
  6524 | D:7      | Found a flagged portal.
  6547 | D:7      | Found an opulent altar of Gozag.
  6549 | D:7      | Found a glowing silver altar of Zin.
  6555 | D:7      | Became a worshipper of Gozag Ym Sagoz the Greedy
  6583 | Bailey   | Entered a bailey
  6597 | Bailey   | Acquired 644 gold pieces
  6740 | Bailey   | Noticed an orc knight
  6751 | Bailey   | Killed an orc knight
  6752 | Bailey   | Reached skill level 5 in Fighting
  6752 | Bailey   | Reached skill level 7 in Dodging
  6779 | Bailey   | Reached skill level 5 in Evocations
  7040 | Bailey   | Killed from afar by an electric eel
  7234 | Bailey   | Noticed an orc knight
  7243 | Bailey   | HP: 1/40 [orc knight/+0 war axe (25)]
  7248 | Bailey   | Reached XP level 10. HP: 2/44 MP: 11/11
  7256 | Bailey   | Killed an orc knight
  7540 | Bailey   | Found an iron altar of Okawaru.
  7542 | Bailey   | Noticed an orc high priest
  7542 | Bailey   | Noticed an orc sorcerer
  7556 | Bailey   | Acquired a manual of Dodging
  7602 | Bailey   | Noticed a soul eater
  7603 | Bailey   | Slain by a soul eater
  7635 | Bailey   | Killed an orc high priest
  7636 | Bailey   | Reached skill level 8 in Dodging
  8040 | D:7      | Found Teyf's Mayhem Merchandise.
  8096 | D:7      | Bought a wand of iceblast (4) for 115 gold pieces
  8148 | D:7      | Noticed Jeremiah
  8168 | D:7      | Killed Jeremiah
  8582 | D:7      | Found a hide-covered altar of Uskayaw.
  8590 | D:7      | Reached skill level 9 in Dodging
  8892 | D:8      | Found a basalt altar of Yredelemnul.
  8893 | D:8      | Found a snail-covered altar of Cheibriados.
  9971 | D:8      | Reached XP level 11. HP: 31/48 MP: 12/12
 10208 | D:9      | Found a shimmering altar of Xom.
 10243 | D:9      | Reached skill level 10 in Dodging
 10530 | D:9      | HP: 2/72 [killer bee (7)]
 10545 | D:9      | Reached skill level 10 in Shapeshifting
 10930 | D:9      | Found a radiant altar of Vehumet.
 10940 | D:9      | Reached skill level 10 in Unarmed Combat
 11196 | D:10     | Entered Level 10 of the Dungeon
 11196 | D:10     | Noticed a two-headed ogre
 11196 | D:10     | Found a white marble altar of Elyvilon.
 11206 | D:9      | Killed a two-headed ogre
 11226 | D:10     | Found a staircase to the Lair.
 11235 | Lair:1   | Entered Level 1 of the Lair of Beasts
 11347 | D:10     | Mangled by a yak
 11399 | D:10     | Found a runed translucent door.
 11399 | D:10     | Found a shimmering altar of Xom.
 11399 | D:10     | Noticed Caerwyn's ghost (journeyman DjCj)
 11400 | D:10     | Noticed a +0 war axe of chaos
 11473 | D:10     | Found a glowing golden altar of the Shining One.
 11558 | D:10     | Reached skill level 11 in Dodging
 12235 | D:10     | Noticed a two-headed ogre
 12242 | D:10     | Killed a two-headed ogre
 12301 | D:10     | Found a staircase to the Orcish Mines.
 12437 | D:10     | Acquired 737 gold pieces
 12885 | Lair:1   | Noticed a death yak
 12885 | Lair:1   | Noticed a death yak
 12886 | Lair:1   | Noticed a death yak
 12934 | Lair:1   | Mangled by a death yak
 12935 | Lair:1   | Noticed a death yak
 12945 | Lair:1   | Killed a death yak
 12946 | Lair:1   | Reached skill level 12 in Dodging
 12946 | Lair:1   | Gained mutation: Your thick and shaggy fur keeps you warm.
                  | (AC +3, rC+) [Felid growth]
 12946 | Lair:1   | Reached XP level 12. HP: 47/54 MP: 13/13
 13278 | Lair:1   | Killed a death yak
 13286 | Lair:1   | Killed a death yak
 13293 | Lair:1   | Killed a death yak
 14099 | Lair:2   | Reached skill level 13 in Dodging
 14800 | Lair:2   | Noticed a seven-headed hydra
 14892 | Lair:2   | Killed a seven-headed hydra
 15017 | Lair:2   | Found a staircase to the Snake Pit.
 15023 | Lair:2   | Found a runed translucent door.
 15036 | Lair:2   | Noticed Shifty's ghost (journeyman DjFE)
 15256 | Lair:2   | Killed Shifty's ghost
 15257 | Lair:2   | Reached skill level 14 in Dodging
 15435 | Lair:3   | Noticed a boulder beetle
 15588 | Lair:3   | Noticed a six-headed hydra
 15699 | Lair:3   | Reached XP level 13. HP: 49/59 MP: 14/14
 16283 | Lair:3   | Found a staircase to the Shoals.
 16704 | Lair:4   | Reached skill level 15 in Dodging
 17707 | Lair:5   | Entered Level 5 of the Lair of Beasts
 17975 | Lair:5   | Found a viscous altar of Jiyva.
 17975 | Lair:5   | Found a staircase to the Slime Pits.
 18324 | Lair:5   | Reached skill level 16 in Dodging
 18396 | Lair:5   | Reached XP level 14. HP: 56/65 MP: 15/15
 18904 | Lair:5   | Reached skill level 10 in Fighting
 19946 | Lair:5   | Reached skill level 17 in Dodging
 20472 | Lair:5   | Acquired the ring of Xom's Attic {Drain rF+ EV+5 Str+3
                  | Int+3}
 20733 | Orc:1    | Entered Level 1 of the Orcish Mines
 21335 | Orc:2    | Entered Level 2 of the Orcish Mines
 21461 | Orc:2    | Found Plog's Armour Shoppe.
 21467 | Orc:2    | Found a staircase to the Elven Halls.
 21530 | Orc:2    | Reached skill level 15 in Shapeshifting
 21536 | Orc:2    | Noticed Saint Roka
 22026 | Orc:2    | Killed Saint Roka
 22027 | Orc:2    | Reached skill level 15 in Unarmed Combat
 22027 | Orc:2    | Reached skill level 1 in Translocations
 22027 | Orc:2    | Reached skill level 1 in Transmutations
 22496 | Orc:2    | Reached skill level 1 in Spellcasting
 23376 | Orc:2    | Slain by an orc knight
 23496 | Orc:2    | Reached XP level 15. HP: 64/70 MP: 18/18
 23828 | Orc:2    | Found Fizunos's General Store.
 23828 | Orc:2    | Found Mied's Antique Armour Shop.
 23829 | Orc:2    | Found Baetzori's Book Boutique.
 23829 | Orc:2    | Found Vocrukov's Distillery.
 23836 | Orc:2    | Bought a potion of invisibility for 112 gold pieces
 23839 | Orc:2    | Bought a potion of heal wounds for 85 gold pieces
 23839 | Orc:2    | Bought a potion of haste for 170 gold pieces
 24549 | D:11     | Found a sacrificial altar of Ru.
 24801 | D:12     | Found a large runed translucent door.
 24801 | D:12     | Noticed Sonja
 24802 | D:12     | Found a large runed translucent door.
 24804 | D:12     | Killed Sonja
 24808 | D:12     | Noticed Nuylu's ghost (journeyman AtSh)
 24826 | D:12     | Killed Nuylu's ghost
 24827 | D:12     | Identified the ring "Bevinuq" {Fly rN+}
 25448 | D:13     | Noticed Urug
 25448 | D:13     | Noticed Nessos
 25457 | D:13     | Killed Nessos
 25465 | D:13     | Killed Urug
 25520 | D:13     | Identified the +7 quarterstaff "Woiq" {flame, rCorr Str+3
                  | Dex+3}
 25587 | D:13     | Found Yngaicer's Jewellery Shop.
 25683 | D:13     | Found a gate to the Vaults.
 25684 | D:13     | Noticed Lodul
 25755 | D:13     | Killed Lodul
 25756 | D:13     | Reached skill level 5 in Translocations
 25891 | D:13     | Bought the ring "Hopnah" {Wiz rElec rCorr Str+3 Stlth+} for
                  | 763 gold pieces
 25891 | D:13     | Bought the ring "Hiukhleol" {rElec rF+ rC+ rN+} for 652
                  | gold pieces
 26335 | D:14     | Noticed Azrael
 26425 | D:14     | Killed Azrael
 26667 | D:14     | Found Ukigelapn's Antique Weapon Emporium.
 26852 | D:14     | Noticed Kirke
 26854 | D:14     | Noticed a sphinx
 26859 | D:14     | Killed Kirke
 27175 | D:15     | Entered Level 15 of the Dungeon
 27470 | D:15     | Reached XP level 16. HP: 75/75 MP: 23/23
 27687 | D:15     | Found an opulent altar of Gozag.
 27785 | D:15     | Found a staircase to the Depths.
 28045 | D:15     | Learned a level 2 spell: Blink
 28048 | D:15     | Learned a level 2 spell: Lesser Beckoning
 28051 | D:15     | Learned a level 2 spell: Wereblood
 28056 | D:15     | Learned a level 4 spell: Passage of Golubria
 28240 | Snake:1  | Entered Level 1 of the Snake Pit
 28256 | Snake:1  | Noticed Josephine
 28343 | Snake:1  | Killed Josephine
 29033 | Snake:1  | Identified the serpent talisman of the Apothecary {Dex+5}
 29033 | Snake:1  | Noticed Aizul
 29049 | Snake:1  | Killed Aizul
 29050 | Snake:1  | Reached skill level 5 in Spellcasting
 29525 | Snake:1  | Reached skill level 10 in Stealth
 29822 | Snake:2  | Reached skill level 18 in Dodging
 30046 | Snake:2  | Identified the +1 ring mail of the Thieving Gods {rPois
                  | Int+4 Dex+2}
 30333 | Snake:3  | Identified the of Vecluodu
 30417 | Snake:3  | Reached XP level 17. HP: 79/79 MP: 23/26
 30964 | Snake:3  | Found Qaseigos's Assorted Antiques.
 30974 | Snake:3  | Bought 3 scrolls labelled WOTSONW HAHAA for 111 gold pieces
 31403 | Snake:4  | Entered Level 4 of the Snake Pit
 31428 | Snake:4  | Found a runed translucent gate.
 31428 | Snake:4  | Found a runed translucent gate.
 31429 | Snake:4  | Found a runed translucent gate.
 31599 | Snake:4  | Found an ancient bone altar of Kikubaaqudgha.
 31836 | Snake:3  | Learned a level 4 spell: Vhi's Electric Charge
 32124 | Snake:3  | Reached skill level 1 in Air Magic
 32466 | Snake:4  | Got a serpentine rune of Zot
 32825 | D:10     | Bought a scroll of revelation for 120 gold pieces
 32825 | D:10     | Bought a potion of might for 64 gold pieces
 32842 | D:10     | Bought the amulet "Jiequerph" {Reflect Will+ SH+5} for 553
                  | gold pieces
 32925 | Shoals:1 | Entered Level 1 of the Shoals
 33045 | D:10     | Bought the Catalogue of Hapless Superposition for 684 gold
                  | pieces
 33050 | D:10     | Learned a level 4 spell: Manifold Assault
 33397 | Shoals:1 | Reached skill level 10 in Translocations
 33580 | Shoals:1 | Found Raoll's Assorted Antiques.
 33694 | Shoals:1 | Noticed a kraken
 33721 | Shoals:1 | Killed a kraken
 34187 | Shoals:2 | Noticed Frances
 34198 | Shoals:2 | Killed Frances
 34276 | Shoals:2 | Reached XP level 18. HP: 85/85 MP: 28/28
 35186 | Shoals:3 | Noticed Nikola
 35195 | Shoals:3 | Killed Nikola
 35201 | Shoals:3 | Noticed Mara
 35205 | Shoals:3 | Noticed Carefully's illusion
 35214 | Shoals:2 | Killed Mara
 35457 | Shoals:3 | Found Agys's Visitors' Centre.
 35463 | Shoals:3 | Found Agys's Merfolk Armours.
 35463 | Shoals:3 | Found Agys's Merfolk Magic.
 35463 | Shoals:3 | Found Agys's Merfolk Weapons.
 35471 | Shoals:3 | Bought a lightning rod (4/4) for 800 gold pieces
 36121 | Shoals:4 | Identified the of Firch
 36121 | Shoals:4 | Entered Level 4 of the Shoals
 36208 | Shoals:4 | Paralysed by an air elemental for 1 turns
 36214 | Shoals:4 | Paralysed by an air elemental for 1 turns
 36220 | Shoals:4 | Paralysed by an air elemental for 1 turns
 36226 | Shoals:4 | Paralysed by an air elemental for 1 turns
 36229 | Shoals:4 | Paralysed by an air elemental for 1 turns
 36236 | Shoals:4 | Paralysed by an air elemental for 1 turns
 36547 | Shoals:4 | Paralysed by an air elemental for 1 turns
 36675 | Shoals:4 | Found a blossoming altar of Fedhas.
 36787 | Shoals:4 | Paralysed by an air elemental for 1 turns
 36825 | Shoals:4 | Noticed Louise
 36842 | Shoals:4 | Killed Louise
 36866 | Shoals:4 | Reached skill level 19 in Dodging
 36999 | Shoals:4 | Paralysed by an air elemental for 1 turns
 37371 | Shoals:4 | Got a barnacled rune of Zot
 37372 | Shoals:4 | Identified the +7 morningstar of Oily Innocence {pain,
                  | rPois rF- rCorr Dex+5}
 37373 | Shoals:4 | Identified the +5 falchion of Osonein {freeze, Str+6}
 37374 | Shoals:4 | Identified the +0 buckler of Loyzy {Str+2}
 37381 | Shoals:4 | Identified the staff "Qica" {rElec rC+ Will+ Ice}
 37396 | Shoals:4 | Identified the -2 helmet of the Gardener {rElec rF- rC+
                  | Int+2}
 37712 | Vaults:5 | Identified the of Nopidap
 37712 | Crypt:1  | Identified the of Nyklakk
 37712 | Crypt:2  | Identified the "Fohoeg"
 37712 | Crypt:2  | Identified the "Eden"
 37712 | Crypt:3  | Identified the "Awyqousk"
 37712 | Depths:2 | Identified the "Jikae"
 37712 | Elf:1    | Identified the "Haevvaco"
 37712 | Elf:1    | Identified the of Egonas
 37712 | Elf:1    | Entered Level 1 of the Elven Halls
 37968 | Elf:1    | Found Yka Hig's General Store.
 37975 | Elf:1    | Bought a wand of charming (7) for 235 gold pieces
 38344 | Elf:1    | Found the +3 pair of gauntlets of War {Slay+5}
 38803 | Elf:2    | Found Diczy's Antique Weapon Boutique.
 38835 | Elf:2    | Found Baup's Armour Shop.
 38952 | Elf:2    | Paralysed by an air elemental for 1 turns
 39172 | Elf:2    | Reached XP level 19. HP: 90/90 MP: 31/31
 39600 | Elf:2    | Found a huge runed translucent gate.
 39600 | Elf:2    | Found a huge runed translucent gate.
 39600 | Elf:2    | Found a huge runed translucent gate.
 39600 | Elf:2    | Found a huge runed translucent gate.
 39601 | Elf:2    | Found a huge runed translucent gate.
 40402 | Elf:3    | Entered Level 3 of the Elven Halls
 40485 | Elf:3    | Found Biaghytt's Jewellery Emporium.
 40979 | Elf:3    | Noticed Zenata
 41001 | Elf:3    | Killed Zenata
 41169 | Elf:3    | Noticed a Brimstone Fiend
 41505 | Elf:3    | Identified the +4 great mace of Insufficient Pleasure
                  | {flame, rF+ rC+ Dex+3 Stlth+}
 41907 | Elf:3    | Identified the +0 helmet "Kuaq" {Str+5 Dex-4}
 41908 | Elf:3    | Identified the amulet of Yhedipny {Reflect +Inv Str+3 SH+5}
 41944 | Elf:3    | Identified the ring "Reir" {Will- rCorr Str+3 Dex+6 SInv}
 41951 | Elf:3    | Identified the amulet of Lehuyvac {Spirit -Cast Rampage
                  | Will+}
 42031 | Elf:3    | Reached skill level 10 in Evocations
 42080 | Elf:3    | Bought the amulet of the Enfolding Enemy {Regen+ Str+3
                  | Dex+4} for 878 gold pieces
 42236 | Vaults:1 | Entered Level 1 of the Vaults
 42571 | Vaults:1 | Reached skill level 5 in Air Magic
 42952 | Vaults:1 | Reached XP level 20. HP: 96/96 MP: 33/33
 43095 | Vaults:1 | Reached skill level 15 in Fighting
 43770 | Vaults:2 | Annihilated by a tengu reaver
 43788 | Vaults:2 | Reached skill level 20 in Dodging
 44320 | Vaults:2 | Found a staircase to the Crypt.
 45035 | Vaults:3 | Found a runed translucent door.
 45037 | Vaults:3 | Noticed Busi's ghost (adept CeHu)
 45066 | Vaults:3 | Killed Busi's ghost
 45474 | Vaults:3 | HP: 4/127 [deep troll[an ironbound preserver] (27)]
 45958 | Vaults:3 | Found Vaagu's General Store.
 46663 | Vaults:4 | Noticed Jory
 46686 | Vaults:4 | Killed Jory
 46687 | Vaults:4 | Reached XP level 21. HP: 96/102 MP: 6/35
 47300 | Vaults:4 | Found Zygok's General Store.
 47354 | Vaults:4 | Bought a potion of mutation for 160 gold pieces
 47354 | Vaults:4 | Bought a potion of mutation for 160 gold pieces
 47354 | Vaults:4 | Bought a condenser vane for 800 gold pieces
 47494 | Vaults:4 | Found a runed translucent door.
 47499 | Vaults:4 | Noticed Shifty's ghost (veteran DjAE)
 47528 | Vaults:4 | Killed Shifty's ghost
 47713 | Vaults:4 | Acquired 1046 gold pieces
 47747 | Vaults:5 | Entered Level 5 of the Vaults
 47771 | Vaults:4 | Reached skill level 10 in Spellcasting
 48304 | Vaults:5 | Noticed a golden dragon
 48307 | Vaults:5 | Killed a golden dragon
 48456 | Vaults:5 | Noticed an ancient lich
 48465 | Vaults:5 | Killed an ancient lich
 48488 | Vaults:5 | Identified the ring "Kamnimecs" {rF+ Str+6}
 48651 | Vaults:5 | Identified the amulet of Wenof {RegenMP +Inv}
 48698 | Vaults:5 | Reached XP level 22. HP: 16/109 MP: 32/37
 48931 | Vaults:5 | Identified the +0 spear "Sienkik" {flame, Fly Will- Stlth+}
 48931 | Vaults:5 | Identified the +0 robe of Insatiable Hunger {rC- rCorr
                  | Int+3 Slay+3}
 49275 | Vaults:5 | Identified the staff "Saureila" {rC+ Dex+3 Ice}
 49455 | Abyss:2  | Cast into level 2 of the Abyss (a deep elf sorcerer)
 49480 | Abyss:2  | Found a corrupted altar of Lugonu.
 49856 | Vaults:5 | Escaped the Abyss
 50053 | Vaults:5 | Got a silver rune of Zot
 50338 | Vaults:5 | Identified the +3 orcbow of the Inferno {drain, +Blink
                  | Will+ rCorr Int+4}
 50476 | Vaults:5 | Identified the "Regiraog" (You acquired it on level 5 of
                  | the Vaults)
 50476 | Vaults:5 | Acquired 747 gold pieces
 50713 | Depths:1 | Entered Level 1 of the Depths
 50713 | Depths:1 | Found a runed translucent door.
 50713 | Depths:1 | Found a one-way gate to the infinite horrors of the Abyss.
 51337 | Depths:1 | Found Leusm's Changing Room.
 51369 | Depths:1 | Bought a potion of mutation for 152 gold pieces
 51369 | Depths:1 | Bought a potion of mutation for 152 gold pieces
 51369 | Depths:1 | Bought a potion of mutation for 152 gold pieces
 51596 | Depths:1 | Found a one-way gate leading to the halls of Pandemonium.
 51630 | Depths:1 | Found a gateway to Hell.
 51726 | Depths:2 | Found a runed translucent door.
 51728 | Depths:2 | Found a runed translucent door.
 51729 | Depths:2 | Noticed Asterion
 51739 | Depths:2 | Killed Asterion
 52115 | Depths:2 | Found Voigub's Armour Boutique.
 52174 | Depths:2 | Found a one-way gateway to a ziggurat.
 52730 | D:13     | Bought the storm talisman "Wevianuy" {*Corrode rF+++ Will+
                  | Stlth+} for 4743 gold pieces
 53201 | Depths:3 | Reached XP level 23. HP: 79/109 MP: 40/40
 53328 | Depths:3 | Found a transporter.
 53685 | Depths:3 | Noticed a juggernaut
 53688 | Depths:3 | Found a bloodstained altar of Trog.
 53688 | Depths:3 | Found the necklace of Bloodlust {Fury *Rage Will++ Int-3
                  | Slay+6}
 53793 | Depths:3 | Found a transporter.
 53793 | Depths:3 | Found a runed translucent door.
 53810 | Depths:3 | Killed a juggernaut
 53855 | Depths:3 | Identified the +3 great mace "Egez Wol" {freeze, rElec rN+
                  | rCorr}
 54181 | Depths:4 | Entered Level 4 of the Depths
 54282 | Depths:4 | Found a gate to the Realm of Zot.
 55015 | Depths:3 | Reached skill level 21 in Dodging
 55686 | Depths:4 | Found Caymuzof's Book Shoppe.
 55686 | Depths:4 | Found Liadamoh's Jewellery Shop.
 55687 | Depths:4 | Found Leirhozeump's Book Shoppe.
 55769 | Zot:1    | Entered Level 1 of the Realm of Zot
 56383 | Zot:1    | Reached XP level 24. HP: 74/122 MP: 41/41
 56390 | Zot:1    | Noticed an orb of fire
 56390 | Zot:1    | Noticed a Killer Klown
 56402 | Zot:1    | Killed an orb of fire
 56404 | Zot:1    | Killed a Killer Klown
 56561 | Zot:1    | You are sucked into a shaft and drop 1 floor!
 57000 | Zot:2    | Found a snail-covered altar of Cheibriados.
 57069 | Zot:2    | Reached skill level 22 in Dodging
 57714 | Zot:2    | Found a shimmering blue altar of Sif Muna.
 57826 | Zot:3    | Noticed an orb of fire
 57827 | Zot:3    | Gained mutation: You sometimes lose your temper in combat.
                  | [an orb of fire]
 57837 | Zot:3    | Killed an orb of fire
 57869 | Zot:3    | Lost mutation: You sometimes lose your temper in combat.
                  | [potion of mutation]
 57869 | Zot:3    | Gained mutation: You are vulnerable to heat. (rF-) [potion
                  | of mutation]
 58175 | Zot:3    | Noticed a Killer Klown
 58181 | Zot:3    | Killed a Killer Klown
 58605 | Zot:3    | Identified the +3 cloak "Buwi" {Int+3 Stlth+}
 58611 | Zot:3    | Noticed an ancient lich
 58625 | Zot:3    | Killed an ancient lich
 58658 | Zot:3    | Found a stormy altar of Qazlal.
 58677 | Zot:3    | Reached skill level 15 in Spellcasting
 58884 | Zot:3    | Reached skill level 23 in Dodging
 59257 | Zot:4    | Reached XP level 25. HP: 128/128 MP: 39/43
 59280 | Zot:4    | Reached skill level 1 in Ice Magic
 60508 | Zot:5    | Entered Level 5 of the Realm of Zot
 61133 | Zot:5    | Noticed a dread lich
 61140 | Zot:5    | Killed a dread lich
 61209 | Zot:5    | Noticed a Killer Klown
 61225 | Zot:5    | Killed a Killer Klown
 61298 | Zot:5    | Noticed an orb of fire
 61299 | Zot:5    | Noticed an orb of fire
 61300 | Zot:5    | Gained mutation: Your body sometimes deteriorates upon
                  | taking damage. [an orb of fire]
 61301 | Zot:5    | Noticed a Killer Klown
 61305 | Zot:5    | Gained mutation: You sometimes lose your temper in combat.
                  | [an orb of fire]
 61310 | Zot:5    | Reached skill level 5 in Ice Magic
 61322 | Zot:5    | Killed an orb of fire
 61332 | Zot:5    | Gained mutation: You are occasionally teleported next to
                  | monsters. [an orb of fire]
 61338 | Zot:5    | Killed an orb of fire
 61339 | Zot:5    | Reached skill level 24 in Dodging
 61345 | Zot:5    | Killed a Killer Klown
 61369 | Zot:5    | Noticed a dread lich
 61373 | Zot:5    | Noticed a Killer Klown
 61374 | Zot:5    | Noticed a Killer Klown
 61379 | Zot:5    | Killed a dread lich
 61393 | Zot:5    | Killed a Killer Klown
 61433 | Zot:5    | Killed a Killer Klown
 61435 | Zot:5    | Noticed a Killer Klown
 61446 | Zot:5    | Killed a Killer Klown
 61464 | Zot:5    | Noticed an orb of fire
 61481 | Zot:5    | Killed an orb of fire
 61483 | Zot:5    | Noticed an orb of fire
 61496 | Zot:5    | Gained mutation: You are clumsy. (Dex -2) [an orb of fire]
 61498 | Zot:5    | Killed an orb of fire
 61499 | Zot:5    | Reached XP level 26. HP: 46/134 MP: 14/44
 61504 | Zot:5    | Noticed a dread lich
 61517 | Zot:5    | Noticed an ancient lich
 61522 | Zot:5    | Killed a dread lich
 61531 | Zot:5    | Killed an ancient lich
 61563 | Zot:5    | Noticed an ancient lich
 61653 | Zot:5    | Lost mutation: You sometimes lose your temper in combat.
                  | [potion of mutation]
 61653 | Zot:5    | Lost mutation: You are occasionally teleported next to
                  | monsters. [potion of mutation]
 61653 | Zot:5    | Gained mutation: You are strong-willed. (Will+) [potion of
                  | mutation]
 61653 | Zot:5    | Gained mutation: You have hidden genetic defects. [potion
                  | of mutation]
 61653 | Zot:5    | Gained mutation: Your muscles are strong. (Str +4, Int/Dex
                  | -1) [potion of mutation]
 61768 | Zot:5    | Killed an ancient lich
 61864 | Zot:5    | Noticed an ancient lich
 61879 | Zot:5    | Killed an ancient lich
 62144 | Zot:5    | Lost mutation: You are clumsy. (Dex -2) [potion of
                  | mutation]
 62144 | Zot:5    | Lost mutation: You have hidden genetic defects. [potion of
                  | mutation]
 62144 | Zot:5    | Lost mutation: You are strong-willed. (Will+) [potion of
                  | mutation]
 62144 | Zot:5    | Lost mutation: Your muscles are strong. (Str +4, Int/Dex
                  | -1) [potion of mutation]
 62145 | Zot:5    | Lost mutation: Your body sometimes deteriorates upon taking
                  | damage. [potion of mutation]
 62145 | Zot:5    | Lost mutation: You are vulnerable to heat. (rF-) [potion of
                  | mutation]
 62145 | Zot:5    | Gained mutation: Your flesh is cold resistant. (rC+)
                  | [potion of mutation]
 62514 | Depths:1 | Voluntarily entered the Abyss.
 62681 | Abyss:3  | Found a corrupted altar of Lugonu.
 62830 | Depths:1 | Escaped the Abyss
 62832 | Depths:1 | Voluntarily entered the Abyss.
 63043 | Abyss:3  | Got an abyssal rune of Zot
 63077 | Depths:1 | Escaped the Abyss
 63323 | Slime:1  | Entered Level 1 of the Pits of Slime
 63406 | Slime:1  | Reached skill level 25 in Dodging
 63850 | Slime:4  | Noticed Dissolution
 63863 | Slime:4  | Killed Dissolution
 63882 | Slime:5  | Identified the of Yxouffip
 63882 | Slime:5  | Entered Level 5 of the Pits of Slime
 63898 | Slime:5  | Gained mutation: You do not regenerate when monsters are
                  | visible. [a shining eye]
 63900 | Slime:5  | Gained mutation: You are weak. (Str -2) [a shining eye]
 63920 | Slime:5  | Noticed the Royal Jelly
 63926 | Slime:5  | Lost mutation: You do not regenerate when monsters are
                  | visible. [potion of mutation]
 63926 | Slime:5  | Lost mutation: Your flesh is cold resistant. (rC+) [potion
                  | of mutation]
 63926 | Slime:5  | Lost mutation: You are weak. (Str -2) [potion of mutation]
 63926 | Slime:5  | Gained mutation: You are dopey. (Int -2) [potion of
                  | mutation]
 63926 | Slime:5  | Gained mutation: You expend magic power (3 MP) to
                  | strengthen your wands. [potion of mutation]
 64141 | Slime:5  | Killed the Royal Jelly
 64145 | Slime:5  | Slain by an azure jelly
 64191 | Slime:5  | Found the +3 greatsling "Punk" {acid, rCorr}
 64233 | Slime:5  | Identified the +7 chain mail "Ecvoram" {rN+ Dex+2}
 64248 | Slime:5  | Got a slimy rune of Zot
 64249 | Slime:5  | Identified the +6 rapier "Ille" {flame, rN+ Str+4 Int-3}
 64900 | Zot:5    | Lost mutation: You expend magic power (3 MP) to strengthen
                  | your wands. [potion of mutation]
 64900 | Zot:5    | Lost mutation: You are dopey. (Int -2) [potion of mutation]
 64900 | Zot:5    | Gained mutation: You have hidden genetic potential. [potion
                  | of mutation]
 64900 | Zot:5    | Gained mutation: You have very sharp fingernails. [potion
                  | of mutation]
 64902 | Zot:5    | Got the Orb of Zot
 65156 | Zot:1    | Noticed Jowuom the pandemonium lord
 65175 | Zot:1    | Killed from afar by Jowuom the pandemonium lord
 65242 | Zot:1    | Killed from afar by Jowuom the pandemonium lord

Illustrated notes

Levels and vault maps discovered:
D:1:      beargit_arrival_greenhouse, layout_loops_ring
D:2:      layout_basic
D:3:      minmay_razor_zed, layout_loops_ring, dk_noncrumbling_2,
          kennysheep_flooded_box, st_stairs_6, kennysheep_nub,
          guppyfry_early_orc_mine, uniq_terence
D:4:      layout_gridville, uniq_sigmund
D:5:      cheibrodos_barr_body, layout_basic
D:6:      due_chaos_kobolds, layout_loops_cross, mainiacjoe_overflow_chevrons,
          minmay_shop_grid_forest, uniq_crazy_yiuf_cottage, uniq_eustachio
D:7:      layout_loops_ring, grunt_temple_overflow_gold_and_silver,
          nicolae_uskayaw_dance_studio, minmay_temple_entry_waves,
          serial_demonic, serial_demonic_f, serial_demonic_g, serial_demonic_b,
          serial_demonic_d, serial_demonic_f, serial_demonic_e,
          serial_demonic_b, serial_demonic_a, enter_bailey_5,
          minmay_shop_mayhem, uniq_jeremiah
D:8:      layout_gridville, gammafunk_temple_overflow_statue
D:9:      layout_cave_pools, kennysheep_mini,
          mainiacjoe_overflow_six_doors_small
D:10:     layout_rooms, kennysheep_mini_moat, mainiacjoe_overflow_alcove_4,
          hiddenorc1_lemuel, special_room [special_room_orc], ebering_ghost_xom
D:11:     layout_loops_ring, nicolae_ru_the_path_less_chosen
D:12:     layout_roguey, ebering_ghost_disaster_area, kennysheep_generic_room_9,
          uniq_sonja
D:13:     layout_roguey, david_vaults_3, serial_shops, nicolae_shop_tiny_glass,
          uniq_urug, uniq_nessos
D:14:     layout_basic, hangedman_decor_clover_reticule, serial_shops, shop,
          nrook_uturn, uniq_kirke, uniq_azrael
D:15:     grunt_enter_depths_magical_seal, layout_loops_ring, serial_glass,
          glass_columns_c, glass_columns_c,
          nicolae_gozag_cash_rules_everything_around_me
Temple:   nicolae_temple_bog_church
Lair:1:   layout_cave_pods, lemuel_fruit_fields, grunt_megastairs_3,
          serial_bayou_shore_a
Lair:2:   layout_concentric_octagons, dummy_snake_entry,
          ebering_ghost_reflecting_pool, minivault_11,
          grunt_forest_stairs_clearing, infiniplex_staircase_pool
Lair:3:   layout_long_grid, elwin_shoals_entry_rooms
Lair:4:   layout_roguey, grunt_megastairs_4
Lair:5:   hangedman_lair_in_review, layout_small_grid,
          hangedman_lair_caniforms_friends, slime_entry_1,
          grunt_forest_large_clearings
Shoals:1: layout_shoals, nicolae_take_the_stairs
Shoals:2: layout_shoals, uniq_frances
Shoals:3: nicolae_shoals_mermall, layout_shoals,
          nicolae_shoals_nymph_descending_staircase, uniq_nikola, uniq_mara
Shoals:4: shoals_end_hellmonk_storm_palace [storm_palace_center_ruins,
          storm_palace_corner_pillars, storm_palace_corner_narrow,
          storm_palace_corner_grid, storm_palace_corner_altar], uniq_louise
Snake:1:  layout_gridlike, nicolae_triple_integral, grunt_megastairs_5,
          uniq_josephine, uniq_aizul
Snake:2:  layout_rooms, drop_trap, nicolae_snake_boneroom
Snake:3:  layout_layer_cave, serial_shops, shop
Snake:4:  snake_pit, layout_onion_interference, basic_altar,
          nicolae_snake_horde_hoard, lemuel_fruit_tree
Slime:1:  layout_caves
Slime:2:  layout_caves
Slime:3:  layout_caves, nicolae_slime_crime_time
Slime:4:  layout_caves, uniq_dissolution
Slime:5:  slime_pit
Orc:1:    nicolae_orc_accident_1, layout_caves
Orc:2:    st_orc_pillars, layout_caves, serial_shops, shop, basic_altar,
          lemuel_statue_altar, mines2_david, uniq_saint_roka
Elf:1:    eino_elf_arrival_sip, layout_loops_ring, serial_shops,
          nicolae_square_shop, minmay_elf_annihilation
Elf:2:    elven_hall_of_blades_hangedman_alternative
          [nicolae_blade_little_rooms], layout_gridlike,
          nicolae_zig_zag_zippers, minmay_shoptagon
Elf:3:    minmay_elf_hall_curves, layout_geoelf_castle, serial_shops,
          nicolae_diamond_shop, nicolae_twisty_statue_hallways, uniq_zenata
Vaults:1: vaults_dpeg_emergency_exit, v_misc_12, v_misc_4, v_misc_16,
          nicolae_vaults_rhombus_7, vaults_mumra_hexcomb,
          vaults_room_glass_cross, v_misc_11, layout_vaults_chaotic_city
Vaults:2: nicolae_vaults_angled_halls, vaults_room_stairs_pillars,
          hangedman_vaults_hard_town_square,
          nicolae_vaults_trapezoid_lopsided_3, v_misc_9, nicolae_vaults_prndl,
          nicolae_vaults_storage_room_statues, ontoclasm_vaults_ligature,
          nicolae_vaults_more_shelving_1, nicolae_vaults_wine_cellar,
          layout_vaults_omnibox, minmay_crypt_entry_simple_sparse
Vaults:3: ebering_ghost_reflecting_pool, nicolae_vaults_puzzle_piece,
          nicolae_vaults_diffraction_hallways, nicolae_vaults_shrinking_rooms_1,
          ontoclasm_vaults_ring_square, nicolae_vaults_trapezoid_lopsided_1,
          dpeg_vaults_monster_row, nicolae_vaults_closet_pinwheel_6,
          hangedman_vaults_slice, v_misc_23, layout_vaults_omnicross,
          serial_shops, nicolae_shop_stone
Vaults:4: ebering_ghost_reflecting_pool, ontoclasm_vaults_gateway,
          vaults_room_corners, nicolae_vaults_offset_grid_hallway_4,
          serial_ice_b, nicolae_vaults_shipping_containers_7, vaults_room_fours,
          hangedman_vaults_maws, ontoclasm_vaults_hangar,
          nicolae_vaults_house_2, v_misc_24, vaults_room_door_ring,
          nicolae_vaults_more_shelving_2, nicolae_vaults_trapezoid_lopsided_1,
          grunt_vaults_hallway_short, layout_vaults_maze_snakey, serial_shops,
          shop, uniq_jory
Vaults:5: serial_shops
Depths:1: kennysheep_ogre_elephant_herders, layout_cave_pools,
          pf_hell_entry_tar_spiral, pan_entry, abyss_entry,
          minmay_misc_feat_alley, nicolae_transmutations_shop,
          roderic_serpentine_path, lightli_giant_bouncers
Depths:2: minmay_the_grid_four_pointed_star_mashed
          [minmay_the_grid_triangle_9x9_flanged_cone,
          minmay_the_grid_triangle_9x9_tough_junction,
          minmay_the_grid_triangle_9x9_wacky_v,
          minmay_the_grid_triangle_9x9_semitri,
          minmay_the_grid_prize_shrinking_boxes], layout_basic,
          enter_ziggurat_b, infiniplex_staircase_spiral, pan_entry, hell_entry,
          serial_shops, nicolae_diamond_shop, uniq_asterion
Depths:3: emtedronai_trogs_sanctum, layout_gridlike, rand_demon_pan_entry_7,
          minmay_room_of_horrors, grunt_hell_entry_dis_grunt,
          infiniplex_staircase_trident
Depths:4: grunt_twist_and_shout, layout_cave_pools, serial_bayou_pond_c,
          hangedman_geh_valley, minmay_shop_grove
Zot:1:    grunt_zot_stairs_mandelzot, layout_twisted_circle
Zot:2:    layout_basic, regret_index_zotdec_magical_s,
          regret_index_zotdec_serpentine_scales
Zot:3:    regret_index_qazlal_generations, layout_basic
Zot:4:    layout_gridlike
Zot:5:    layout_basic, lemuel_baited_zot_trap, drop_trap, st_stairs_9,
          grunt_ministairs_9

Skill      XL: |  1  2  3  4  5  6  7  8  9 10 11 12 13 14 15 16 17 18 19 20 21 22 23 24 25 26 |
---------------+-------------------------------------------------------------------------------+-----
Dodging        | 3 4 5 6 7 9 12 14 16 17 18 19 20 21 23 24 25 | 25.4
Shapeshifting  | 4 5 7 8 9 11 12 13 15 16 17 18 19 20 21 22 23 | 23.2
Unarmed Combat | 4 5 6 8 9 11 12 13 15 16 17 18 19 20 21 22 23 | 23.4
Fighting       | 2 3 4 5 6 7 8 9 10 11 12 13 14 16 17 19 20 21 22 | 22.7
Stealth        | 1 2 3 5 6 9 10 11 | 11.4
Evocations     | 1 2 3 5 6 7 8 9 10 | 10.0
Translocations | 2 6 8 10 11 12 | 12.2
Transmutations | 1 4 |  4.0
Spellcasting   | 1 4 5 6 7 8 9 10 12 13 15 16 17 | 17.1
Air Magic      | 2 3 5 6 7 |  7.0
Ice Magic      | 6 8 |  8.7

Action                     |  1- 3 |  4- 6 |  7- 9 | 10-12 | 13-15 | 16-18 | 19-21 | 22-24 | 25-27 || total
---------------------------+-------+-------+-------+-------+-------+-------+-------+-------+-------++-------
  Melee: Unarmed           |    80 |   128 |   278 |   804 |  1402 |  1310 |  1137 |  1329 |   824 ||  7292
         Bite              |     7 |    13 |    28 |   121 |   211 |   160 |   130 |    61 |       ||   731
         Punch             |     4 |     2 |    14 |    65 |   144 |   149 |   143 |   220 |   168 ||   909
   Cast: Lesser Beckoning  |       |       |       |       |       |    16 |       |       |     2 ||    18
         Manifold Assault  |       |       |       |       |       |    59 |   154 |   110 |    87 ||   410
         Wereblood         |       |       |       |       |       |     3 |     2 |     5 |     3 ||    13
         Vhi's Electric Ch |       |       |       |       |       |    24 |    29 |    33 |    15 ||   101
 Invoke: Potion Petition   |       |       |       |     7 |     2 |       |     5 |       |     5 ||    19
         Call Merchant     |       |       |       |       |       |     5 |       |     3 |     2 ||    10
Ability: Blinkbolt         |       |       |       |       |       |       |       |       |     1 ||     1
  Evoke: Wand              |       |     4 |    42 |    12 |    28 |     3 |    10 |     2 |       ||   101
         Phial of floods   |       |       |       |       |       |     1 |       |       |       ||     1
         Condenser vane    |       |       |       |       |       |       |       |     1 |       ||     1
    Use: Scroll            |       |     5 |     7 |     9 |    13 |     9 |    13 |     4 |     9 ||    69
         Potion            |       |     2 |     2 |    10 |     4 |     6 |    17 |     7 |    15 ||    63
   Stab: Sleeping          |     5 |     8 |    10 |    13 |    30 |    30 |    20 |    16 |     4 ||   136
         Distracted        |       |       |     1 |    10 |    25 |    22 |    10 |    32 |    10 ||   110
         Invisible         |       |       |       |     5 |     8 |       |       |     5 |       ||    18
 Armour: Skin              |    22 |    55 |    78 |   196 |   262 |   616 |   475 |   256 |   150 ||  2110
  Dodge: Dodged            |    59 |    71 |   225 |   715 |  1651 |  2692 |  1946 |  1515 |   846 ||  9720
  Block: Other             |       |       |       |    83 |    47 |   140 |    39 |       |       ||   309
         Reflection        |       |       |       |       |       |     9 |     5 |       |       ||    14
   Form: Blade             |       |       |       |       |     1 |       |       |       |       ||     1
         Statue            |       |       |       |       |     1 |       |       |       |       ||     1
         Storm             |       |       |       |       |       |       |       |     1 |       ||     1

Table legend: (Time is in decaauts)
 A = Elapsed time spent in this place.
 B = Non-inter-level travel time spent in this place.
 C = Inter-level travel time spent in this place.
 D = Time resting spent in this place.
 E = Time spent auto-exploring this place.
 F = Levels seen in this place.
 G = Mean time per level.
                   A        B        C        D        E       F      G
               +--------+--------+--------+--------+--------+-----+--------+
         Total |  72963 |  67395 |   5568 |   9004 |  41204 |  58 | 1258.0 |
       Dungeon |  15772 |  14197 |   1575 |   2332 |   8788 |  15 | 1051.5 |
        Temple |      1 |      1 |      0 |      0 |      0 |   1 |    1.0 |
          Lair |   8200 |   7232 |    968 |   1583 |   3787 |   5 | 1640.0 |
        Shoals |   6692 |   6368 |    324 |    943 |   3982 |   4 | 1673.0 |
     Snake Pit |   5953 |   5584 |    369 |    389 |   3564 |   4 | 1488.2 |
    Slime Pits |    956 |    880 |     76 |     83 |    292 |   5 |  191.2 |
  Orcish Mines |   2803 |   2628 |    175 |    569 |   1011 |   2 | 1401.5 |
   Elven Halls |   6465 |   6140 |    325 |    775 |   4084 |   3 | 2155.0 |
        Vaults |  11412 |  10940 |    472 |    682 |   8141 |   5 | 2282.4 |
        Depths |   5742 |   5227 |    515 |    396 |   3521 |   4 | 1435.5 |
           Zot |   6827 |   6063 |    764 |    600 |   3840 |   5 | 1365.4 |
         Abyss |   1071 |   1071 |      0 |     57 |    166 |   4 |  267.8 |
        Bailey |   1064 |   1064 |      0 |    591 |     24 |   1 | 1064.0 |
               +--------+--------+--------+--------+--------+-----+--------+

Top non-repeatable levels by time:
Vaults:5: 2715 daAuts
Vaults:4: 2530 daAuts
   Elf:3: 2490 daAuts
  Lair:5: 2464 daAuts
   Elf:2: 2396 daAuts
Vaults:3: 2333 daAuts
Vaults:1: 2226 daAuts
 Snake:3: 2146 daAuts
   Orc:2: 2123 daAuts
Depths:3: 1905 daAuts
  Lair:2: 1861 daAuts
Shoals:4: 1753 daAuts
   Zot:5: 1735 daAuts
    D:14: 1721 daAuts
Shoals:3: 1699 daAuts
